 Dungeon Crawl Stone Soup version 0.23-a0-395-gcf17ac6 (webtiles) character file.

665 tatocazan the Slasher (level 7, -3/49 HPs)
             Began as an Octopode Fighter on Nov 2, 2018.
             Was an Initiate of Gozag.
             Slain by a sky beast (5 damage)
             ... on level 5 of the Dungeon.
             The game lasted 00:08:46 (4515 turns).

tatocazan the Slasher (Octopode Fighter)            Turns: 4515, Time: 00:08:47

Health: -3/49      AC:  1    Str: 15    XL:     7   Next: 57%
Magic:  7/7        EV: 12    Int: 10    God:    Gozag
Gold:   411        SH:  9    Dex: 14    Spells: 6/6 levels left

rFire    . . .     SeeInvis .   a - +0 long sword
rCold    . . .     Gourm    .   b - +0 shield
rNeg     . . .     Faith    .   (helmet restricted)
rPois    .         Spirit   .   (no amulet)
rElec    .         Reflect  .   (no ring)
rCorr    .         Harm     .   (no ring)
MR       .....                  (no ring)
Stlth    ++++......             (no ring)
HPRegen  0.16/turn              (no ring)
MPRegen  0.10/turn              (no ring)
                                (no ring)
                                (no ring)

@: no status effects
A: almost no armour, stealthy swim, amphibious, 8 rings, constrict 8, camouflage
1, gelatinous body 1
a: Potion Petition, Call Merchant, Bribe Branch, Renounce Religion


You were on level 5 of the Dungeon.
You worshipped Gozag.
Gozag was aware of your devotion.
You were hungry.

You visited 2 branches of the dungeon, and saw 6 of its levels.

You collected 434 gold pieces.
You paid 23 gold pieces to Gozag.

Inventory:

Hand Weapons
 a - a +0 long sword (weapon)
Armour
 b - a +0 shield (worn)
Jewellery
 k - an uncursed amulet of magic regeneration {unknown}
 p - a cursed -5 ring of dexterity {unknown}
Wands
 t - a wand of paralysis (13)
Scrolls
 c - a scroll of fog {unknown}
 e - 2 scrolls of magic mapping {unknown}
 f - 3 scrolls of identify {unknown}
 h - a scroll of enchant armour {unknown}
 j - a scroll of amnesia {unknown}
 m - 3 scrolls of remove curse {unknown}
 n - 2 scrolls of teleportation {unknown}
 o - 2 scrolls of enchant weapon {unknown}
Potions
 g - 2 potions of magic {unknown}
 i - a potion of agility {unknown}
 l - a potion of mutation {unknown}
 q - a potion of resistance {unknown}
 r - a potion of degeneration {unknown}
 s - a potion of haste {unknown}
 u - a potion of curing {unknown}
Comestibles
 d - 5 rations


   Skills:
 + Level 4.9 Fighting
 * Level 6.0 Long Blades
 - Level 3.0 Dodging
 + Level 5.3 Stealth
 - Level 3.0 Shields


You had 6 spell levels left.
You didn't know any spells.
Your spell library was empty.

Dungeon Overview and Level Annotations

Branches:
Dungeon (5/15)             Temple (1/1) D:4

Altars:
Ashenzari
Cheibriados
Dithmenos
Elyvilon
Fedhas
Gozag
Hepliaklqana
Kikubaaqudgha
Makhleb
Nemelex Xobeh
Okawaru
Qazlal
Ru
Sif Muna
Trog
Uskayaw
Vehumet
Wu Jian
Xom
Yredelemnul
Zin
The Shining One

Shops:
D:4 *

Annotations:
D:4 2 transporters


Innate Abilities, Weirdness & Mutations

You cannot wear most types of armour.
You are very stealthy in the water. (Stealth+)
You are amphibious.
You can wear up to eight rings at the same time.
You can use your tentacles to constrict eight enemies at once.
Your skin changes colour to match your surroundings (Stealth+).
Your rubbery body absorbs attacks. (AC +1, EV +1)


Message History

You closely miss the sky beast. You squeeze the sky beast.
The sky beast is moderately wounded.
The sky beast hits you. The sky beast shocks you.
You take 5 damage, and have 26/49 hp.
You slash the sky beast!
The sky beast is heavily wounded.
The sky beast flickers out of sight!
Deactivating autopickup; reactivate with Ctrl-A.
You block something's attack. Something hits you. Something shocks you.
You take 10 damage, and have 16/49 hp.
MASSIVE DAMAGE!!
You completely miss something. Something hits you.
* * * LOW HITPOINT WARNING * * *
Something shocks you.
* * * LOW HITPOINT WARNING * * *
You take 9 damage, and have 7/49 hp.
You barely miss something. Something hits you.
* * * LOW HITPOINT WARNING * * *
Something shocks you.
You die...
Your body crumbles into a pile of gold.

...). .....!.# ..#.# ....
... $ ..#.# ###..# ...
..#.# .... # ..#
..)>###.##.#..##.#
..#...........##.#
..#.###.##.##. #.#
..#.###.##.##.##.#
..#.##........##@###.##.#
..#.##..##.#...{#.......#
...<..........##.###.##.#
..####...##### #.# ..#
#.#.# #.# ..# #.#.# ##.##
..# #.#.# ####...##.# ..#
#.#.# #.........# #.#
#.#.###.##...####


There were no monsters in sight!

Vanquished Creatures
  Sigmund (D:2)
  An ogre (D:5)
  A scorpion (D:5)
  A crimson imp (D:5)
  2 hounds (D:4)
  2 orc priests (D:4)
  An orc wizard (D:4)
  An iguana (D:4)
  A worker ant (D:4)
  5 adders
  5 worms
  3 dart slugs
  6 leopard geckos
  12 orcs
  3 ball pythons
  4 bats
  3 giant cockroaches
  2 goblins (D:2)
  5 hobgoblins (D:2)
  9 kobolds
  2 quokkas (D:2)
  6 frilled lizards
  2 quokka skeletons
  9 rats
87 creatures vanquished.

Notes
Turn   | Place    | Note
-------+----------+-------------------------------------------
     0 | D:1      | tatocazan the Octopode Fighter began the quest for the Orb.
     0 | D:1      | Reached XP level 1. HP: 16/16 MP: 1/1
   238 | D:1      | Reached XP level 2. HP: 21/21 MP: 2/2
   291 | D:1      | Reached skill level 1 in Stealth
   724 | D:2      | Reached XP level 3. HP: 14/26 MP: 3/3
  1227 | D:2      | Noticed Sigmund
  1235 | D:2      | Killed Sigmund
  1235 | D:2      | Reached skill level 4 in Long Blades
  1235 | D:2      | Reached XP level 4. HP: 13/33 MP: 4/4
  1235 | D:2      | Reached XP level 5. HP: 15/37 MP: 5/5
  1475 | D:2      | You fall through a shaft for 2 floors!
  1476 | D:4      | Found a transporter.
  1807 | D:4      | Reached XP level 6. HP: 36/43 MP: 6/6
  1916 | D:4      | Found a blossoming altar of Fedhas.
  2108 | D:4      | Found a staircase to the Ecumenical Temple.
  2127 | Temple   | Entered the Ecumenical Temple
  2322 | Temple   | Became a worshipper of Gozag Ym Sagoz the Greedy
  2374 | D:4      | Reached skill level 5 in Long Blades
  3190 | D:4      | Found a transporter.
  3190 | D:4      | Noticed a kobold demonologist
  3281 | D:3      | Reached XP level 7. HP: 40/49 MP: 7/7
  3454 | D:3      | Found a snail-covered altar of Cheibriados.
  3628 | D:3      | Found a hide-covered altar of Uskayaw.
  3954 | D:2      | Found a faded altar of an unknown god.
  3984 | D:2      | Found a burning altar of Makhleb.
  4297 | D:4      | Found Yrosash's General Store.
  4357 | D:5      | Entered Level 5 of the Dungeon
  4361 | D:5      | Reached skill level 5 in Stealth
  4450 | D:5      | Reached skill level 6 in Long Blades
  4515 | D:5      | HP: 2/49 [something (5)]
  4515 | D:5      | Slain by a sky beast

Vault maps used:
D:1:      dpeg_arrival_circle_labyrinth_a
D:2:      lemuel_coloured_pillars_altar, chequers_ecumenical_altar_twisty,
          uniq_sigmund
D:3:      kennysheep_slug_shrine, eat_drink_and_be_merry_uskayaw, first_ration,
          chequers_serial_rivers_small_a, kennysheep_generic_room_4
D:4:      gammafunk_wand_slinger, lemuel_crystal_altar,
          minmay_temple_entry_purple_smoke, serial_shops, kennysheep_mini_moat
Temple:   eino_narrow_crystal_temple

Skill      XL: |  1  2  3  4  5  6  7 |
---------------+----------------------+-----
Stealth        | 1 3 4 5 |  5.3
Long Blades    | 4 5 6 |  6.0
Fighting       | 4 |  4.9
Dodging        | |  3.0
Shields        | |  3.0

Action                   |  1- 3 |  4- 6 |  7- 9 || total
-------------------------+-------+-------+-------++-------
Melee: Long sword        |    35 |    55 |    74 ||   164
       Tentacles         |     8 |    15 |    11 ||    34
       Constrict         |     9 |    19 |    18 ||    46
Invok: Potion Petition   |       |     1 |       ||     1
  Use: Potion            |       |     1 |       ||     1
 Stab: Sleeping          |     7 |     3 |     8 ||    18
  Eat: Chunk             |       |     4 |       ||     4
       Ration            |       |     1 |     1 ||     2
Armor: Skin              |     1 |     5 |     3 ||     9
Dodge: Dodged            |    13 |    27 |    25 ||    65
Block: Shield            |    13 |    24 |    21 ||    58
       Rpst.: Long sword |     3 |    12 |    10 ||    25

Table legend:
 A = Non-vault XP
 B = Vault XP
 C = Vault XP percentage of total XP
 D = Non-vault monster count
 E = Vault monster count
 F = Vault count percentage of total count
                 A         B        C        D         E       F
            +---------+---------+-------+---------+---------+-------
      Total |     735 |     216 |  22.7 |      85 |       2 |   2.3
            +---------+---------+-------+---------+---------+-------
        D:1 |      28 |       0 |   0.0 |      15 |       0 |   0.0
        D:2 |      71 |     212 |  74.9 |      30 |       1 |   3.2
        D:3 |      47 |       4 |   7.8 |      12 |       1 |   7.7
        D:4 |     340 |       0 |   0.0 |      19 |       0 |   0.0
        D:5 |     249 |       0 |   0.0 |       9 |       0 |   0.0
            +---------+---------+-------+---------+---------+-------
